 Dungeon Crawl Stone Soup version 0.29-a0-830-gcb1280458a (webtiles) character file.

Game seed: 8138110781886034637

34 xian the Slasher (level 3, -1/24 HPs)
             Began as an Octopode Gladiator on July 11, 2022.
             Slain by Crazy Yiuf
             ... wielding a +4 quarterstaff of chaos
              (11 damage)
             ... on level 2 of the Dungeon.
             The game lasted 00:03:27 (1848 turns).

xian the Slasher (Octopode Gladiator)               Turns: 1848, Time: 00:03:28

Health: -1/24      AC:  1    Str: 13    XL:     3   Next: 31%
Magic:  3/3        EV: 19    Int: 10    God:
Gold:   97         SH:  0    Dex: 15    Spells: 2/2 levels left

rFire   . . .      SeeInvis .   a - +0 long sword
rCold   . . .      Faith    .   (no shield)
rNeg    . . .      Spirit   .   b - +0 hat
rPois   .          Reflect  .   (no amulet)
rElec   .          Harm     .   (no ring)
rCorr   .          Rampage  .   (no ring)
Will    .....                   (no ring)
Stlth   +++.......              (no ring)
HPRegen 0.08/turn               (no ring)
MPRegen 0.08/turn               (no ring)
                                (no ring)
                                (no ring)

@: agile
A: almost no armour, amphibious, 8 rings, camouflage 1, gelatinous body 1,
(nimble swimmer 1), tentacles
a: no special abilities


You were on level 2 of the Dungeon.
You visited 1 branch of the dungeon, and saw 2 of its levels.

You collected 97 gold pieces.

Inventory:

Hand Weapons
 a - a +0 long sword (weapon)
Missiles
 c - 3 throwing nets (quivered)
 d - a javelin
 h - a poisoned dart
Armour
 b - a +0 hat (worn)
Scrolls
 e - a scroll of identify {unknown}
 g - a scroll of poison {unknown}
 i - a scroll of summoning {unknown}
 j - a scroll of fog {unknown}
Potions
 f - a potion of heal wounds {unknown}


   Skills:
 + Level 2.2 Fighting
 + Level 3.7 Long Blades
 + Level 2.0 Throwing
 + Level 3.3 Dodging
 + Level 0.9 Stealth


You had 2 spell levels left.
You didn't know any spells.
Your spell library contained the following spells:

 Spells                   Type           Power      Damage    Failure   Level
 Animate Dead             Necr           0%         N/A       98%         4
 Borgnjor's Vile Clutch   Necr/Erth      0%         N/A       100%        5
 Death Channel            Necr           0%         N/A       100%        6


Dungeon Overview and Level Annotations

Branches:
Dungeon (2/15)

Altars:

Annotations:
D:2 Crazy Yiuf


Innate Abilities, Weirdness & Mutations

You cannot wear most types of armour.
You are amphibious.
You can wear up to eight rings at the same time.
Your skin changes colour to match your surroundings (Stealth+).
Your rubbery body absorbs attacks. (AC +1, EV +1)
((You are camouflaged when in or above water. (Stealth+)))
You have tentacles for arms and can constrict up to eight enemies at once.


Message History

Found 15 gold pieces.
A kobold comes into view. It is wielding a +0 dagger.
The kobold shouts!
The kobold throws a stone.
The stone barely misses you.
The kobold throws a stone.
The stone hits you.
The kobold throws a stone.
The stone misses you.
You see here 9 gold pieces.
The kobold barely misses you.
You completely miss the kobold. You grab the kobold.
You constrict the kobold, but do no damage.
The kobold hits you with a +0 dagger.
You slash the kobold!
You kill the kobold!
Things that are here:
a +0 dagger; 4 stones You now have 88 gold pieces (gained 15).
You now have 97 gold pieces (gained 9).
Things that are here:
a +0 club; a +0 short sword
Found 6 stones.
Found a stone staircase leading down.
You see here a +1 scale mail of cold resistance.
Found a stone staircase leading up.
There is a stone staircase leading down here.
Found a hammer.
Found a runed translucent door.
You open the door. You throw a poisoned dart.
The poisoned dart hits Crazy Yiuf.
Crazy Yiuf is poisoned.
Crazy Yiuf hits you with a +4 quarterstaff of chaos!
Ouch! That really hurt!
You feel agile all of a sudden.
Okay, then.
You are too injured to fight recklessly!
You are too injured to fight recklessly!
Throw: 4 throwing nets
Press: ? - help, Q - select action, (/) - cycle Shift-Dir - straight line, f/p - Crazy Yiuf
Aim: Crazy Yiuf, wielding a +4 quarterstaff of chaos and wearing a +0 cloak (moderately wounded, poisoned, 64% to hit)
You throw a throwing net.
The throwing net completely misses Crazy Yiuf.
Crazy Yiuf hits you with a +4 quarterstaff of chaos!
You die...

.....####.#
.....#<...#
#####
.....####.#
#)..#
.....####.#
#...#
..........#
...
......###.#
#(# ......#
#.# #.##
......# #.#
##g#
......###.#
#@##
###.#...)<#
##.#
###.#####.#
##.##
.##.## #.#
##...#
.##..####.#
#...##
..........#
#....#
..........#
##..##
..........#
#...#
..........#
#..##


You could see Crazy Yiuf (poisoned).

Vanquished Creatures
  A worm (D:2)
  A dart slug (D:2)
  2 endoplasms (D:1)
  3 giant cockroaches
  3 goblins
  A hobgoblin (D:2)
  A jackal (D:2)
  3 kobolds
  A quokka (D:2)
  3 ball pythons
  3 bats
  2 frilled lizards (D:2)
  3 rats
27 creatures vanquished.

Vanquished Creatures (others)
  A plant (D:1)
1 creature vanquished.

Grand Total: 28 creatures vanquished

Notes
Turn   | Place    | Note
-------+----------+-------------------------------------------
     0 | D:1      | xian the Octopode Gladiator began the quest for the Orb.
     0 | D:1      | Reached XP level 1. HP: 14/14 MP: 1/1
   529 | D:1      | Reached XP level 2. HP: 18/19 MP: 2/2
  1058 | D:2      | Reached XP level 3. HP: 8/24 MP: 3/3
  1840 | D:2      | Found a runed translucent door.
  1841 | D:2      | Noticed Crazy Yiuf
  1848 | D:2      | Slain by Crazy Yiuf

Illustrated notes

Levels and vault maps discovered:
D:1:      erik_arrival_orb_chamber, layout_basic, serial_forest,
          infiniplex_forest_clump_cross, infiniplex_forest_clump_tiny,
          infiniplex_forest_clump_medium, infiniplex_forest_straight_3,
          infiniplex_forest_corner_1, infiniplex_forest_clump_cross,
          infiniplex_forest_clump_medium, chequers_big_river, minmay_tripent
D:2:      layout_basic, minmay_curled_crystal, st_stairs_11,
          uniq_crazy_yiuf_cottage

Action                   || total
-------------------------++-------
Melee: Long sword        ||    52
       Constrict         ||    17
       Punch             ||     1
       Tentacles         ||     7
Throw: Dart              ||     1
       Throwing net      ||     1
 Stab: Sleeping          ||     7
Armor: Skin              ||     4
Dodge: Dodged            ||    35

Table legend: (Time is in decaauts)
 A = Elapsed time spent in this place.
 B = Non-inter-level travel time spent in this place.
 C = Inter-level travel time spent in this place.
 D = Time resting spent in this place.
 E = Time spent auto-exploring this place.
 F = Levels seen in this place.
 G = Mean time per level.
                   A        B        C        D        E       F      G
               +--------+--------+--------+--------+--------+-----+--------+
         Total |   1859 |   1834 |     25 |      0 |   1514 |   2 |  929.5 |
       Dungeon |   1859 |   1834 |     25 |      0 |   1514 |   2 |  929.5 |
               +--------+--------+--------+--------+--------+-----+--------+

Top non-repeatable levels by time:
     D:1: 933 daAuts
     D:2: 926 daAuts
